 Dungeon Crawl Stone Soup version 0.29.0-13-gc9e81de378 (webtiles) character file.

Game seed: 18194105106047062743

9403 apoch the Warrior (level 11, -17/112 (116) HPs)
             Began as a Minotaur Fighter on Sept 10, 2022.
             Was a High Priest of Okawaru.
             Killed from afar by an orc sorcerer (27 damage)
             ... with a bolt of fire
             ... on level 9 of the Dungeon.
             The game lasted 00:23:24 (15246 turns).

apoch the Warrior (Minotaur Fighter)               Turns: 15246, Time: 00:23:24

HP:   -17/112 (116) AC: 13    Str: 21      XL:     11   Next: 22%
MP:   17/17         EV:  7    Int:  9 (11) God:    Okawaru [*****.]
Gold: 697           SH:  5    Dex: 12      Spells: 10/10 levels left

rFire   . . .      SeeInvis .   a - +2 long sword
rCold   . . .      Faith    .   c - +1 buckler
rNeg    . . .      Spirit   .   B - +0 chain mail
rPois   .          Reflect  .   (helmet restricted)
rElec   .          Harm     .   x - +0 cloak
rCorr   .          Rampage  .   (no gloves)
Will    +....                   g - +0 pair of boots
Stlth   ..........              (no amulet)
HPRegen 0.28/turn               o - +6 ring of intelligence
MPRegen 0.15/turn               h - ring of willpower

@: spiked, lightly drained
A: horns 2, retaliatory headbutt, weak 1
a: Renounce Religion, Heroism, Finesse, Duel


You were on level 9 of the Dungeon.
You worshipped Okawaru.
Okawaru was extremely pleased with you.
You visited 3 branches of the dungeon, and saw 12 of its levels.

You collected 697 gold pieces.

Inventory:

Hand Weapons
 a - a +2 long sword (weapon)
 i - a +2 whip of electrocution
 l - a +1 long sword
 p - the +3 war axe of Harmony {speed, rPois rC+}
   (You found it on level 5 of the Dungeon)

   Attacks with this weapon are significantly faster.
   rC:        It protects you from cold.
   rPois:     It protects you from poison.
 y - a +1 falchion of freezing
 R - a +4 morningstar
 T - a +2 great sword
Missiles
 r - 30 poisoned darts
 J - 3 curare-tipped darts
Armour
 c - a +1 buckler (worn)
 g - a +0 pair of boots (worn)
 x - a +0 cloak (worn)
 B - a +0 chain mail (worn)
 P - a +0 plate armour
Jewellery
 h - a ring of willpower (right hand)
 o - a +6 ring of intelligence (left hand)
 A - a +6 ring of intelligence
 D - a ring of positive energy
 L - an amulet of reflection
 S - a ring of positive energy
Wands
 b - a wand of flame (9)
 G - a wand of digging (5)
 K - a wand of polymorph (5)
Scrolls
 j - 7 scrolls of teleportation
 m - 6 scrolls of immolation
 v - 3 scrolls of identify
 w - 2 scrolls of amnesia {unknown}
 C - 2 scrolls of torment
 E - a scroll of fear
 F - a scroll of enchant weapon
 M - 2 scrolls of magic mapping {unknown}
 O - a scroll of brand weapon {unknown}
 Q - a scroll of enchant armour
Potions
 d - 5 potions of heal wounds
 e - 2 potions of degeneration {unknown}
 f - 8 potions of curing
 k - 4 potions of haste
 n - 3 potions of magic
 q - a potion of mutation {unknown}
 s - a potion of invisibility {unknown}
 t - 2 potions of brilliance {unknown}
 u - 2 potions of lignification {unknown}
 z - 3 potions of flight {unknown}
 H - a potion of berserk rage {unknown}
 I - 3 potions of might
 N - a potion of attraction {unknown}


   Skills:
 + Level 16.8 Fighting
 - Level 10.0 Long Blades
 + Level 8.2 Armour
 - Level 3.6 Shields
 - Level 10.0 Invocations


You had 10 spell levels left.
You didn't know any spells.
Your spell library contained the following spells:

 Spells                   Type           Power      Damage    Failure   Level
 Magic Dart               Conj           0%         1d3       98%         1
 Searing Ray              Conj           0%         2d4       99%         2
 Confusing Touch          Hex            0%         N/A       100%        3
 Dazzling Flash           Conj/Hex       0%         N/A       100%        3
 Gell's Gravitas          Tloc           0%         N/A       100%        3
 Ozocubu's Armour         Ice            0%         N/A       100%        3
 Teleport Other           Tloc           0%         N/A       100%        3
 Fulminant Prism          Conj/Hex       0%         3d6       100%        4
 Iskenderun's Mystic Bla  Conj/Tloc      0%         2d3       100%        4
 Yara's Violent Unravell  Hex/Tmut       0%         3d3       100%        5
 Dispersal                Tloc           0%         N/A       100%        6
 Starburst                Conj/Fire      0%         6d3       100%        6
 Enfeeble                 Hex            0%         N/A       100%        7
 Ozocubu's Refrigeration  Ice            0%         4d7       100%        7


Dungeon Overview and Level Annotations

Branches:
Dungeon (10/15)            Temple (1/1) D:4             Orc (1/2) D:9
   Lair: D:8-11

Altars:
Ashenzari
Cheibriados
Dithmenos
Elyvilon
Fedhas
Gozag
Hepliaklqana
Makhleb
Nemelex Xobeh
Okawaru
Qazlal
Ru
Sif Muna
Trog
Uskayaw
Vehumet
Wu Jian
Xom
Yredelemnul
The Shining One


Innate Abilities, Weirdness & Mutations

You have a pair of horns on your head.
You reflexively headbutt those who attack you in melee.
You are weak. (Str -2)


Message History

You feel weaker. You block the orc sorcerer's attack.
The orc sorcerer gestures wildly while chanting.
You hit the orc sorcerer.
You headbutt the orc sorcerer, but do no damage.
The orc sorcerer is severely wounded.
The neqoxec gestures at you.
You feel dopey. Something feeds on your intellect!
You hit the orc sorcerer but do no damage.
Your headbutt misses the orc sorcerer.
The orc sorcerer is severely wounded.
The orc sorcerer hits you but does no damage.
You block the red devil's attack.
The orc sorcerer hits you but does no damage.
You hit the orc sorcerer. Your headbutt misses the orc sorcerer.
The orc sorcerer is severely wounded.
The red devil hits you from afar with a +0 trident!
Barbed spikes become lodged in your body.
The neqoxec hits you but does no damage.
The orc sorcerer hits you but does no damage.
You hit the orc sorcerer but do no damage.
Your headbutt misses the orc sorcerer.
The orc sorcerer is severely wounded.
The orc sorcerer gestures at you while chanting.
The bolt of fire hits you!!
* * * LOW HITPOINT WARNING * * *
The red devil hits you from afar with a +0 trident.
* * * LOW HITPOINT WARNING * * *
Barbed spikes become lodged in your body.
The neqoxec closely misses you.
You hit the orc sorcerer but do no damage.
The orc sorcerer is severely wounded.
The orc sorcerer hits you with a +3 dagger of speed.
* * * LOW HITPOINT WARNING * * *
The red devil closely misses you. The neqoxec closely misses you.
You furiously retaliate!
You headbutt the neqoxec!
The orc sorcerer points at you and mumbles some strange words.
The bolt of fire hits you!!
You die...

### ### ### #
#######8###8###8###
#≈4§.#...#...#...#.
#≈3o.#.............
#≈@..'.............
#≈≈..#.............
#≈≈§.#...#...#...#.
#######8###.###8###
####################
#....)..............
#######.###'##......
#.#....#......
#.#....#.#####


You could see a neqoxec (summoned), an orc sorcerer and a red devil (summoned).

Vanquished Creatures
  3 two-headed ogres
  Pikel (D:9)
  A manticore (D:10)
  A gargoyle (D:9)
  2 hornets
  Sigmund (D:6)
  2 shadows (D:9)
  A wyvern (D:9)
  2 wraiths (D:9)
  4 vampire mosquitoes
  A steam dragon (D:9)
  An acid dragon (D:10)
  A water moccasin (D:8)
  5 orc warriors
  2 sky beasts
  3 black bears
  An ice beast (D:5)
  An ogre (D:7)
  6 centaurs
  2 phantoms
  5 kobold brigands
  7 bullfrogs
  A necrophage (D:6)
  A scorpion (D:5)
  7 wights
  2 howler monkeys (D:9)
  10 orc priests
  Crazy Yiuf (D:7)
  3 gnoll boudas
  6 hounds
  2 jellies (D:5)
  An iguana (D:5)
  11 orc wizards
  28 gnolls
  4 adders
  3 white imps
  5 worms
  2 dart slugs (D:4)
  42 orcs
  3 endoplasms
  3 giant cockroaches
  3 goblins
  6 hobgoblins
  A jackal (D:4)
  4 quokkas
  4 ball pythons
  5 bats
  2 frilled lizards
  18 kobolds
  2 rats
233 creatures vanquished.

Vanquished Creatures (others)
  41 plants (D:8)
41 creatures vanquished.

Grand Total: 274 creatures vanquished

Notes
Turn   | Place    | Note
-------+----------+-------------------------------------------
     0 | D:1      | apoch the Minotaur Fighter began the quest for the Orb.
     0 | D:1      | Reached XP level 1. HP: 19/19 MP: 0/0
   239 | D:1      | Reached XP level 2. HP: 26/26 MP: 1/1
   713 | D:1      | Found a faded altar of an unknown god.
  1425 | D:2      | Reached XP level 3. HP: 31/31 MP: 2/2
  1916 | D:2      | Reached skill level 5 in Long Blades
  2162 | D:2      | Reached XP level 4. HP: 19/39 MP: 3/3
  3396 | D:4      | Found a staircase to the Ecumenical Temple.
  3405 | Temple   | Entered the Ecumenical Temple
  3454 | Temple   | Became a worshipper of Warmaster Okawaru
  3527 | D:4      | Reached XP level 5. HP: 23/45 MP: 4/4
  3555 | D:4      | Reached skill level 1 in Invocations
  3720 | D:4      | Noticed a phantom
  3996 | Temple   | Reached XP level 6. HP: 4/51 MP: 6/6
  3997 | Temple   | Reached * piety under Okawaru
  4882 | D:4      | Reached XP level 7. HP: 47/57 MP: 8/8
  5056 | D:5      | Entered Level 5 of the Dungeon
  5659 | D:5      | Reached ** piety under Okawaru
  6346 | D:5      | Reached skill level 10 in Long Blades
  6346 | D:5      | Reached XP level 8. HP: 64/64 MP: 10/10
  6353 | D:5      | Identified the +3 war axe of Harmony {speed, rPois rC+}
  6369 | D:5      | Reached skill level 4 in Fighting
  6369 | D:5      | Reached skill level 5 in Invocations
  6752 | D:6      | Reached skill level 5 in Fighting
  7022 | D:5      | Reached skill level 6 in Fighting
  7276 | D:6      | Noticed Sigmund
  7284 | D:6      | Killed Sigmund
  7284 | D:6      | Reached *** piety under Okawaru
  7285 | D:6      | Reached skill level 7 in Fighting
  7416 | D:6      | Reached skill level 8 in Fighting
  7715 | D:6      | Reached skill level 9 in Fighting
  7715 | D:6      | Reached XP level 9. HP: 47/83 MP: 13/13
  8277 | D:7      | Reached **** piety under Okawaru
  8289 | D:7      | Reached skill level 10 in Fighting
  8376 | D:7      | Found a runed translucent door.
  8376 | D:7      | Noticed Crazy Yiuf
  8838 | D:7      | Killed Crazy Yiuf
  8839 | D:7      | Reached skill level 11 in Fighting
  8943 | D:8      | Found a snail-covered altar of Cheibriados.
  9303 | D:8      | Noticed a two-headed ogre
  9314 | D:8      | Killed a two-headed ogre
  9315 | D:8      | Reached skill level 12 in Fighting
  9342 | D:8      | Reached skill level 13 in Fighting
  9985 | D:8      | Reached XP level 10. HP: 89/101 MP: 15/15
 10177 | D:8      | You fall into a shaft and drop 1 floor!
 10503 | D:9      | Noticed Pikel
 10514 | D:9      | Killed Pikel
 10515 | D:9      | Reached skill level 14 in Fighting
 10998 | D:8      | Reached ***** piety under Okawaru
 10999 | D:8      | Reached skill level 10 in Invocations
 11193 | D:9      | Reached skill level 15 in Fighting
 11829 | D:9      | Noticed a two-headed ogre
 11832 | D:9      | Received a gift from Okawaru
 11844 | D:9      | Killed a two-headed ogre
 11845 | D:9      | Reached skill level 5 in Armour
 12035 | D:9      | Found a staircase to the Orcish Mines.
 12579 | D:10     | Entered Level 10 of the Dungeon
 12579 | D:10     | Found a glowing golden altar of the Shining One.
 12579 | D:10     | Found a stormy altar of Qazlal.
 12589 | D:9      | Reached skill level 16 in Fighting
 12877 | D:10     | Noticed a manticore
 12898 | D:10     | Killed a manticore
 13120 | D:10     | Noticed a gargoyle
 13312 | D:9      | Paralysed by a hornet for 1 turns
 13315 | D:9      | Killed a gargoyle
 13323 | D:9      | Reached XP level 11. HP: 12/115 MP: 10/17
 13758 | D:10     | Noticed a two-headed ogre
 13774 | D:9      | Killed a two-headed ogre
 14146 | D:10     | Paralysed by a hornet for 2 turns
 15232 | Orc:1    | Entered Level 1 of the Orcish Mines
 15232 | Orc:1    | Noticed an orc sorcerer
 15241 | D:9      | Gained mutation: You are weak. (Str -2) [a neqoxec]
 15246 | D:9      | Killed from afar by an orc sorcerer

Illustrated notes

Levels and vault maps discovered:
D:1:      ncdulo_lavacross, layout_loops_ring, basic_ecumenical_altar
D:2:      minmay_alternating_diamond, layout_basic,
          amcnicky_mini_corridor_feature
D:3:      layout_rooms
D:4:      layout_loops_cross, minmay_temple_entry_statues_fountains,
          minmay_manual_monstrance
D:5:      layout_cave_pools
D:6:      layout_basic, uniq_sigmund
D:7:      layout_cave_pools, kennysheep_generic_room_16, uniq_crazy_yiuf_cottage
D:8:      layout_loops_ring, cheibriados_altar_1, david_lair_shrubbed,
          chequers_serial_rivers_room_b, minmay_fractal_squares_gapless_5
D:9:      layout_irregular_city, david_orc_4, uniq_pikel
D:10:     cheibrodos_fzero, layout_rooms, mainiacjoe_overflow_divided_tiny,
          chequers_temple_overflow_statue_of_worship
Temple:   nicolae_temple_bog_church
Orc:1:    layout_caves, serial_shops, nicolae_diamond_shop, uniq_erica

Skill      XL: |  1  2  3  4  5  6  7  8  9 10 11 |
---------------+----------------------------------+-----
Long Blades    | 3 4 5 6 7 8 10 | 10.0
Invocations    | 2 3 4 6 9 10 | 10.0
Fighting       | 9 13 16 | 16.8
Armour         | 7 8 |  8.2
Shields        | |  3.6

Action                   |  1- 3 |  4- 6 |  7- 9 | 10-12 || total
-------------------------+-------+-------+-------+-------++-------
Melee: Long sword        |   101 |   140 |   329 |   294 ||   864
       Headbutt          |    10 |    20 |    59 |    55 ||   144
Throw: Stone             |    12 |     3 |     5 |    44 ||    64
       Boomerang         |       |       |    65 |    49 ||   114
       Javelin           |       |       |       |     4 ||     4
Invok: Heroism           |       |       |     2 |     5 ||     7
       Finesse           |       |       |     1 |     4 ||     5
  Use: Potion            |       |     1 |     2 |     1 ||     4
       Scroll            |       |       |    13 |       ||    13
Armor: Scale mail        |    42 |    70 |    80 |       ||   192
       Chain mail        |       |       |    84 |   128 ||   212
Dodge: Dodged            |    35 |    57 |   111 |    96 ||   299
Block: Buckler           |    23 |    33 |   104 |   104 ||   264
